 Dungeon Crawl Stone Soup version 0.21.1-1-g345015f (webtiles) character file.

161 rlgrobin the Skirmisher (level 5, -21/42 HPs)
             Began as a Demonspawn Fighter on Feb 6, 2018.
             Demolished by an ogre
             ... wielding a +0 giant club
              (22 damage)
             ... on level 4 of the Dungeon.
             The game lasted 00:08:16 (3448 turns).

rlgrobin the Skirmisher (Demonspawn Fighter)        Turns: 3448, Time: 00:08:16

Health: -21/42     AC:  6    Str: 17    XL:     5   Next: 18%
Magic:  0/5        EV:  7    Int: 10    God:
Gold:   111        SH:  9    Dex: 12    Spells: 4/4 levels left

rFire    + . .     SeeInvis .   a - +1 war axe
rCold    . . .     Gourm    .   c - +0 shield
rNeg     . . .     Faith    .   b - +0 scale mail
rPois    .         Spirit   +   (no helmet)
rElec    .         Reflect  .   (no cloak)
rCorr    .         Harm     .   (no gloves)
MR       .....                  (no boots)
Stlth    ..........             (no amulet)
HPRegen  0.14/turn              (no ring)
MPRegen  0.09/turn              (no ring)

@: no status effects
A: claws 1, fire resistance 1, magic shield
a: no special abilities


You were on level 4 of the Dungeon.
You were not hungry.

You visited 1 branch of the dungeon, and saw 4 of its levels.

You collected 111 gold pieces.


Innate Abilities, Weirdness & Mutations

You have sharp fingernails.
Your flesh is heat resistant. (rF+)
When hurt, damage is shared between your health and your magic reserves.


   Skills:
 + Level 3.9 Fighting
 + Level 2.9 Axes
 + Level 3.5 Armour
 + Level 3.5 Shields


You had 4 spell levels left.
You didn't know any spells.

Inventory:

Hand Weapons
 a - a +1 war axe (weapon)
Armour
 b - a +0 scale mail (worn)
 c - a +0 shield (worn)
 k - a +0 pair of gloves
Scrolls
 d - a scroll of random uselessness {unknown}
 e - 4 scrolls of teleportation {@r4}
 g - a scroll of fear {unknown}
 j - 3 scrolls of remove curse
 p - a scroll of blinking {unknown}
Potions
 h - 3 potions of brilliance
 i - a potion of degeneration {unknown}
 l - a potion of agility {unknown}
 m - 3 potions of curing {unknown}
 n - 2 potions of resistance
 o - a potion of lignification {unknown}
Comestibles
 f - 9 rations
 q - a chunk of flesh

Dungeon Overview and Level Annotations

Branches:
Dungeon (4/15)
 Temple: D:4-7

Altars:
Yredelemnul

.......<....▒
▒▒▒▒▒▒▒▒.).▒▒
▒▒▒▒▒.▒▒
▒.....▒
▒.▒▒▒▒▒▒ ▒.▒
▒?. ▒.▒ ▒.▒
▒▒▒▒▒▒.▒▒▒.▒
........O6..▒
..▒▒▒▒▒.▒▒▒▒▒
▒.▒ ▒.▒ ▒.▒
▒.▒ ▒.▒ ▒.


You could see an ogre.


Message History

You butcher the howler monkey corpse!
q - 2 chunks of flesh (gained 1)
You start waiting!
Eating one of 2 chunks of flesh!
You eat one of the 2 chunks of flesh!
An ogre comes into view! It is wielding a giant club!
An ogre is nearby!!!
The ogre shouts!!!
You dice the ogre like an onion!
The ogre is lightly wounded!
The ogre hits you with a giant club!!!!!!
DANG * * * don't die
* * * You take 22 damage, and have 20/42 hp!
MASSIVE DAMAGE!!!!!!
You now have 2/5 mp!
You dice the ogre like an onion!
The ogre is moderately wounded!
The ogre hits you with a giant club!!!!!! * * * don't die
* * * You take 19 damage, and have 1/42 hp!
MASSIVE DAMAGE!!!!!!
You now have 0/5 mp!
Unknown command!
Okay, then!
Okay, then!
You dice the ogre like an onion!
The ogre is heavily wounded!
You block the ogre's attack! x2
Your shield and scale mail prevent you from hitting the ogre!
The ogre is heavily wounded!
The ogre hits you with a giant club!!!!!!
DANG rip

Action                   |  1- 3 |  4- 6 || total
-------------------------+-------+-------++-------
Melee: War axe           |   163 |   115 ||   278
  Use: Scroll            |     3 |     2 ||     5
       Potion            |     1 |       ||     1
  Eat: Chunk             |     3 |     6 ||     9
Armor: Scale mail        |   101 |    52 ||   153
Dodge: Dodged            |    62 |    41 ||   103
Block: Shield            |   113 |    69 ||   182

Vault maps used:
D:1:      dpeg_arrival_long_road
D:2:      kennysheep_six_static_rooms, lemuel_zombie_altar_yredelemnul,
          first_ration, chequers_ecumenical_altar_lobes
D:4:      serial_shops, kennysheep_little_box, uniq_eustachio

Notes
Turn   | Place    | Note
-------+----------+-------------------------------------------
     0 | D:1      | rlgrobin the Demonspawn Fighter began the quest for the Orb.
     0 | D:1      | Reached XP level 1. HP: 18/18 MP: 1/1
    39 | D:1      | Reached skill level 2 in Axes
    56 | D:1      | Gained mutation: When hurt, damage is shared between your health and your magic reserves. [demonic ancestry]
    56 | D:1      | Reached XP level 2. HP: 19/24 MP: 2/2
   781 | D:2      | Reached skill level 3 in Armour
   804 | D:2      | Reached skill level 3 in Shields
   804 | D:2      | Reached XP level 3. HP: 20/29 MP: 1/3
  1460 | D:2      | Found a basalt altar of Yredelemnul.
  1814 | D:2      | Found a faded altar of an unknown god.
  1878 | D:2      | Gained mutation: Your flesh is heat resistant. (rF+) [demonic ancestry]
  1878 | D:2      | Reached XP level 4. HP: 35/35 MP: 4/4
  2130 | D:3      | Identified 2 potions of resistance
  3390 | D:4      | Gained mutation: You have sharp fingernails. [demonic ancestry]
  3390 | D:4      | Reached XP level 5. HP: 42/42 MP: 5/5
  3441 | D:4      | Noticed an ogre
  3445 | D:4      | HP: 1/42 [ogre/giant club (19)]
  3448 | D:4      | Demolished by an ogre

Vanquished Creatures
  A howler monkey (D:4)
  5 adders
  An ooze (D:1)
  A worm (D:2)
  A dart slug (D:2)
  A leopard gecko (D:3)
  12 bats
  3 giant cockroaches
  2 gnoll zombies (D:2)
  8 goblins
  6 hobgoblins
  4 jackals (D:3)
  9 kobolds
  A quokka (D:3)
  5 frilled lizards
  11 rats
71 creatures vanquished.
